 Dungeon Crawl Stone Soup version 0.28-a0-1347-g113dc556a4 (webtiles) character file.

Game seed: 1097147477564352719

1078 RepHenryClay the Covert (level 8, -7/94 (100) HPs)
             Began as a Gnoll Delver on Dec 29, 2021.
             Was a Believer of Okawaru.
             Mangled by a wight (10 damage)
             ... on level 6 of the Dungeon.
             The game lasted 00:09:39 (6914 turns).

RepHenryClay the Covert (Gnoll Delver)              Turns: 6914, Time: 00:09:40

HP:   -7/94 (100)   AC: 24    Str: 13    XL:     8   Next: 29%
MP:   10/12         EV:  2    Int:  9    God:    Okawaru [**....]
Gold: 291           SH:  0    Dex: 15    Spells: 13/13 levels left

rFire   . . .      SeeInvis .   a - +0 mace
rCold   . . .      Faith    +   (no shield)
rNeg    . . .      Spirit   .   (armour currently unavailable)
rPois   +          Reflect  .   (helmet currently unavailable)
rElec   .          Harm     .   (cloak currently unavailable)
rCorr   .          Rampage  .   (gloves currently unavailable)
Will    .....      NoTele   +   (boots currently unavailable)
Stlth   ++++++....              h - amulet of faith
HPRegen 0.25/turn               (no ring)
MPRegen 0.13/turn               (no ring)

@: brilliant, tree-form, heroic, drained
A: stationary, stasis, torment immunity, boosted hp, (fangs 1), strong nose,
distributed training
a: Renounce Religion, Heroism


You were on level 6 of the Dungeon.
You worshipped Okawaru.
Okawaru was pleased with you.
You were a tree.
You visited 2 branches of the dungeon, and saw 7 of its levels.

You collected 291 gold pieces.

Inventory:

Hand Weapons
 a - a +0 mace (weapon)
Missiles
 t - 13 poisoned darts (quivered)
Armour
 b - a +0 scale mail (melded)
 k - a +0 cloak (melded)
 l - a +0 ring mail
 u - a +0 pair of gloves (melded)
Jewellery
 h - an amulet of faith (around neck)
Wands
 g - a wand of digging (3)
 v - a wand of acid (4)
Scrolls
 c - a scroll of fog
 d - a scroll of magic mapping
 e - 4 scrolls of fear
 i - 7 scrolls of identify {unknown}
 m - 2 scrolls of noise {unknown}
 n - a scroll of teleportation {unknown}
 o - 2 scrolls of brand weapon {unknown}
 p - 3 scrolls of acquirement {unknown}
 r - a scroll of immolation {unknown}
 x - a scroll of enchant weapon {unknown}
Potions
 f - a potion of haste


   Skills:
 + Level 7.3(12.3) Fighting
 + Level 3.1(8.1) Short Blades
 + Level 3.1(8.1) Long Blades
 + Level 3.1(8.1) Axes
 + Level 5.6(10.6) Maces & Flails
 + Level 3.1(8.1) Polearms
 + Level 3.1(8.1) Staves
 + Level 3.1(8.1) Slings
 + Level 3.1(8.1) Bows
 + Level 3.1(8.1) Crossbows
 + Level 3.1(8.1) Throwing
 + Level 3.1(8.1) Armour
 + Level 5.6(10.6) Dodging
 + Level 10.1(15.1) Stealth
 + Level 3.1(8.1) Shields
 + Level 3.1(8.1) Unarmed Combat
 + Level 3.1 Spellcasting
 + Level 2.5 Conjurations
 + Level 2.5 Hexes
 + Level 2.5 Summonings
 + Level 2.5 Necromancy
 + Level 2.5 Translocations
 + Level 2.5 Transmutations
 + Level 2.5 Fire Magic
 + Level 2.5 Ice Magic
 + Level 2.5 Air Magic
 + Level 2.5 Earth Magic
 + Level 2.5 Poison Magic
 + Level 3.4 Invocations
 + Level 3.1 Evocations


You had 13 spell levels left.
You didn't know any spells.
Your spell library contained the following spells:

 Spells                   Type           Power      Damage    Failure   Level
 Foxfire                  Conj/Fire      36%        2x1d5     11%         1
 Blink                    Tloc           18%        N/A       16%         2
 Lesser Beckoning         Tloc           9%         N/A       30%         3
 Cause Fear               Hex            4%         N/A       71%         4
 Manifold Assault         Tloc           9%         N/A       96%         5
 Dragon Form              Tmut           4%         N/A       100%        7
 Ignition                 Fire           4%         3d4       100%        8
 Chain Lightning          Conj/Air       4%         3d6       100%        9
 Fire Storm               Conj/Fire      4%         8d1       100%        9
 Shatter                  Erth           4%         3d8*      100%        9
 Dragon's Call            Summ           Unusable   N/A       N/A         9

Dungeon Overview and Level Annotations

Branches:
Dungeon (6/15)             Temple (1/1) D:4

Altars:
Dithmenos
Elyvilon
Fedhas
Hepliaklqana
Kikubaaqudgha
Makhleb
Nemelex Xobeh
Okawaru
Trog
Uskayaw
Vehumet
Wu Jian
Xom
Yredelemnul
The Shining One


Innate Abilities, Weirdness & Mutations

You are a tree.
Your roots penetrate the ground, keeping you stationary.
You cannot be teleported.
You are immune to unholy pain and torment.
Your maximum health is greatly increased.
Your equipment is partially melded.
((You have very sharp teeth.))
Your uncanny sense of smell can sniff out nearby items.
Your experience applies equally to all skills.


Message History

The wight hits you from afar with a +0 halberd.
You feel drained.
Huge Dmg: -20%(-13hp) hp: 47%(30hp) It was a potion of magic.
Magic courses through your body. The wight hits you with a +4 scimitar!
* * * LOW HITPOINT WARNING * * *
You feel drained.
* * * LOW HITPOINT WARNING * * *
The orc wizard hits you but does no damage.
The orc completely misses you. The wight hits you but does no damage.
Huge Dmg: -21%(-13hp) hp: 27%(17hp) It was a potion of brilliance.
You feel clever all of a sudden. The wight barely misses you.
The orc wizard hits you but does no damage.
The orc barely misses you. The wight barely misses you.
Unknown command.
It was a potion of flight.
You feel very buoyant.
You fly up into the air.
The wight hits you with a +4 scimitar!
* * * LOW HITPOINT WARNING * * *
The orc wizard hits you with a +0 dagger.
* * * LOW HITPOINT WARNING * * *
The orc misses you. The wight barely misses you.
Huge Dmg: -20%(-13hp) hp: 7%(4hp) It was a potion of lignification.
You turn into a tree.
Your +0 cloak melds into your body.
Your +0 pair of gloves melds into your body.
Your +0 scale mail melds into your body.
Your roots penetrate the ground.
The wight barely misses you.
The orc wizard hits you but does no damage.
The orc completely misses you. The wight hits you but does no damage.
Okay, then.
You gain the combat prowess of a mighty hero.
The wight hits you but does no damage.
The orc wizard hits you but does no damage.
The orc hits you with a +0 war axe.
* * * LOW HITPOINT WARNING * * *
The wight hits you from afar with a +0 halberd!
You die...

...
####.#....#.##.#.#....###.#
.. #.#....#.##.#.#.........
# #.#....#.##.#.#.##.#...#
#.##'###.##.#..<#..#.<.#
#####..##.##.###.##.#...#
###..###.##.##.###..[.#...#
#('..+.#zz#.##..........#.#
#(#..#.##z#.###...........#
#.####.##♣#.# #.###########
#......##oo.# #.#
#....<.###..# #.#
#......###..###.#
#..........>....#
###########.#####
#...o..†..#.# #.#######.#.#
#.#<...o#.#.#


You could see 3 wights, an orc wizard and an orc.

Vanquished Creatures
  A water moccasin (D:6)
  A sky beast (D:6)
  2 black bears
  A kobold brigand (D:6)
  A scorpion (D:6)
  A water moccasin skeleton (D:4)
  3 howler monkeys
  A bullfrog zombie (D:5)
  2 orc priests (D:4)
  A hound (D:4)
  A jelly (D:4)
  3 iguanas
  An orc wizard (D:5)
  4 adders
  A gnoll (D:1)
  3 white imps
  An ufetubus (D:5)
  2 worms
  3 dart slugs (D:4)
  8 orcs
  9 endoplasms
  A giant cockroach (D:1)
  3 goblins
  3 hobgoblins
  3 jackals (D:3)
  3 ball pythons
  4 bats
  2 frilled lizards
  12 kobolds
  2 rats (D:2)
83 creatures vanquished.

Vanquished Creatures (others)
  An orc (D:5)
1 creature vanquished.

Grand Total: 84 creatures vanquished

Notes
Turn   | Place    | Note
-------+----------+-------------------------------------------
     0 | D:5      | Reached skill level 9 in Stealth
     0 | D:5      | RepHenryClay the Gnoll Delver began the quest for the Orb.
     0 | D:5      | Reached XP level 1. HP: 23/23 MP: 1/1
    11 | D:5      | Noticed a two-headed ogre
    29 | D:4      | Reached XP level 2. HP: 11/29 MP: 2/2
   686 | D:3      | Found a bloodstained altar of Trog.
   783 | D:2      | Reached XP level 3. HP: 20/35 MP: 3/3
  1155 | D:1      | Reached skill level 1 in Invocations
  1762 | D:1      | Reached skill level 1 in Short Blades
  1762 | D:1      | Reached skill level 1 in Long Blades
  1762 | D:1      | Reached skill level 1 in Axes
  1762 | D:1      | Reached skill level 1 in Polearms
  1762 | D:1      | Reached skill level 1 in Staves
  1762 | D:1      | Reached skill level 1 in Slings
  1762 | D:1      | Reached skill level 1 in Bows
  1762 | D:1      | Reached skill level 1 in Crossbows
  1762 | D:1      | Reached skill level 1 in Throwing
  1762 | D:1      | Reached skill level 1 in Armour
  1762 | D:1      | Reached skill level 1 in Shields
  1762 | D:1      | Reached skill level 1 in Unarmed Combat
  1762 | D:1      | Reached skill level 1 in Spellcasting
  1762 | D:1      | Reached skill level 1 in Evocations
  2285 | D:2      | Reached XP level 4. HP: 38/41 MP: 5/5
  2834 | D:3      | Reached skill level 1 in Conjurations
  2834 | D:3      | Reached skill level 1 in Hexes
  2834 | D:3      | Reached skill level 1 in Summonings
  2834 | D:3      | Reached skill level 1 in Necromancy
  2834 | D:3      | Reached skill level 1 in Translocations
  2834 | D:3      | Reached skill level 1 in Transmutations
  2834 | D:3      | Reached skill level 1 in Fire Magic
  2834 | D:3      | Reached skill level 1 in Ice Magic
  2834 | D:3      | Reached skill level 1 in Air Magic
  2834 | D:3      | Reached skill level 1 in Earth Magic
  2834 | D:3      | Reached skill level 1 in Poison Magic
  2971 | D:3      | Reached XP level 5. HP: 23/47 MP: 5/7
  3203 | D:3      | Found a faded altar of an unknown god.
  3413 | D:4      | Found a staircase to the Ecumenical Temple.
  3417 | D:4      | Noticed a black bear
  3423 | Temple   | Entered the Ecumenical Temple
  3494 | Temple   | Became a worshipper of Warmaster Okawaru
  3534 | D:4      | Killed a black bear
  3535 | D:4      | Reached XP level 6. HP: 25/53 MP: 8/8
  3760 | D:4      | Reached * piety under Okawaru
  4205 | D:4      | Reached skill level 5 in Maces & Flails
  4205 | D:4      | Reached skill level 5 in Dodging
  4692 | D:4      | Reached XP level 7. HP: 41/59 MP: 10/10
  6229 | D:6      | Got the Collected Works on the Arsonist
  6288 | D:6      | Reached ** piety under Okawaru
  6289 | D:6      | Reached skill level 10 in Stealth
  6631 | D:6      | Reached XP level 8. HP: 67/67 MP: 12/12
  6914 | D:6      | HP: 3/94 [orc (4)]
  6914 | D:6      | Mangled by a wight

Illustrated notes

Levels and vault maps discovered:
D:1:      minmay_arrival_hallway, layout_basic, minmay_misc_feat_more_columns
D:2:      layout_basic
D:3:      layout_basic, mainiacjoe_overflow_brackets,
          hellmonk_ecumenical_altar_inner_sanctum
D:4:      layout_basic, minmay_temple_entry_mini_moons, grunt_tough_drop
D:5:      layout_basic, mainiacjoe_overflow_tiny_flanked, minmay_crystal_room
D:6:      layout_basic, minmay_unpleasant_kobolds
Temple:   nicolae_temple_elliptical

Skill      XL: |  1  2  3  4  5  6  7  8 |
---------------+-------------------------+-----
Stealth        | 10 | 10.1
Invocations    | 1 2 3 |  3.4
Short Blades   | 1 2 3 |  3.1
Long Blades    | 1 2 3 |  3.1
Axes           | 1 2 3 |  3.1
Polearms       | 1 2 3 |  3.1
Staves         | 1 2 3 |  3.1
Slings         | 1 2 3 |  3.1
Bows           | 1 2 3 |  3.1
Crossbows      | 1 2 3 |  3.1
Throwing       | 1 2 3 |  3.1
Armour         | 1 2 3 |  3.1
Shields        | 1 2 3 |  3.1
Unarmed Combat | 1 2 3 |  3.1
Spellcasting   | 1 2 3 |  3.1
Evocations     | 1 2 3 |  3.1
Conjurations   | 1 2 |  2.5
Hexes          | 1 2 |  2.5
Summonings     | 1 2 |  2.5
Necromancy     | 1 2 |  2.5
Translocations | 1 2 |  2.5
Transmutations | 1 2 |  2.5
Fire Magic     | 1 2 |  2.5
Ice Magic      | 1 2 |  2.5
Air Magic      | 1 2 |  2.5
Earth Magic    | 1 2 |  2.5
Poison Magic   | 1 2 |  2.5
Maces & Flails | 5 |  5.6
Dodging        | 5 |  5.6
Fighting       | 7 |  7.3

Action                   |  1- 3 |  4- 6 |  7- 9 || total
-------------------------+-------+-------+-------++-------
Melee: Mace              |    66 |   111 |   147 ||   324
       Bite              |     6 |    14 |    19 ||    39
       Punch             |     1 |     1 |     1 ||     3
Throw: Dart              |       |    33 |    14 ||    47
Invok: Heroism           |       |       |     2 ||     2
Evoke: Wand              |       |       |     1 ||     1
  Use: Potion            |       |     3 |     4 ||     7
 Stab: Distracted        |     2 |     1 |       ||     3
       Sleeping          |    12 |     7 |     2 ||    21
       Invisible         |       |     1 |       ||     1
Armor: Leather armour    |     9 |       |       ||     9
       Ring mail         |       |    30 |    13 ||    43
       Scale mail        |       |       |    55 ||    55
       Skin              |       |       |     4 ||     4
Dodge: Dodged            |    32 |    60 |    92 ||   184

Table legend: (Time is in decaauts)
 A = Elapsed time spent in this place.
 B = Non-inter-level travel time spent in this place.
 C = Inter-level travel time spent in this place.
 D = Time resting spent in this place.
 E = Time spent auto-exploring this place.
 F = Levels seen in this place.
 G = Mean time per level.
                   A        B        C        D        E       F      G
               +--------+--------+--------+--------+--------+-----+--------+
         Total |   6966 |   6706 |    260 |   1581 |   3595 |   7 |  995.1 |
       Dungeon |   6612 |   6394 |    218 |   1363 |   3520 |   6 | 1102.0 |
        Temple |    354 |    312 |     42 |    218 |     75 |   1 |  354.0 |
               +--------+--------+--------+--------+--------+-----+--------+

Top non-repeatable levels by time:
     D:4: 2582 daAuts
     D:3: 1082 daAuts
     D:1: 1041 daAuts
     D:2: 856 daAuts
     D:6: 650 daAuts
     D:5: 398 daAuts
  Temple: 354 daAuts
